 Dungeon Crawl Stone Soup version 0.18.1-48-g4cf74bf (webtiles) character file.

161 sudo the Slasher (level 5, -2/35 HPs)
             Began as a High Elf Gladiator on June 28, 2016.
             Killed by nerve-wracking pain
             ... invoked by an orc priest
              (14 damage)
             ... on level 3 of the Dungeon.
             The game lasted 00:01:55 (2511 turns).

sudo the Slasher (High Elf Gladiator)               Turns: 2511, Time: 00:01:56

Health: -2/35      AC:  7    Str: 15    XL:     5   Next: 19%
Magic:  15/15      EV: 13    Int: 11    God:
Gold:   80         SH:  0    Dex: 16    Spells: 0 memorised, 4 levels left

rFire  . . .     SeeInvis .     a - +0 long sword
rCold  . . .     Gourm    .     s - +0 ring mail (curse)
rNeg   . . .     Faith    .     (no shield)
rPois  .         Spirit   .     c - +0 helmet
rElec  .         Dismiss  .     (no cloak)
rCorr  .         Reflect  .     (no gloves)
SustAt .         Harm     .     k - +0 pair of boots
MR     .....                    (no amulet)
Stlth  +.........               (no ring)
                                q - ring of magical power

@: not resistant to hostile enchantments, very unstealthy
A: no striking features
a: no special abilities


You were on level 3 of the Dungeon.
You were not hungry.

You visited 1 branch of the dungeon, and saw 3 of its levels.

You collected 80 gold pieces.

Inventory:

Hand Weapons
 a - a +0 long sword (weapon)
Missiles
 d - 3 throwing nets (quivered)
Armour
 b - a +0 leather armour
 c - a +0 helmet (worn)
 k - a +0 pair of boots (worn)
 s - a cursed +0 ring mail (worn)
Jewellery
 q - a ring of magical power (left hand)
Wands
 l - a wand of flame (27/48)
Scrolls
 h - 4 scrolls of identify {unknown}
 j - a scroll of immolation {unknown}
 m - 2 scrolls of recharging {unknown}
 n - 2 scrolls of enchant weapon {unknown}
 p - a scroll of amnesia {unknown}
Potions
 i - 2 potions of might {unknown}
 o - a potion of magic {unknown}
Comestibles
 f - 4 bread rations
 g - 3 meat rations
 r - 2 fruits


   Skills:
 + Level 2.4 Fighting
 * Level 5.7 Long Blades
 - Level 2.0 Throwing
 + Level 0.6 Armour
 + Level 4.6 Dodging


You had 4 spell levels left.
You didn't know any spells.

Dungeon Overview and Level Annotations

Branches:
Dungeon (3/15)

Altars:


Message History

You barely miss the orc priest.
The orc priest is moderately wounded.
The orc hits you with a dagger.
The orc priest hits you but does no damage.
You hit the orc priest.
The orc priest is severely wounded.
The orc hits you but does no damage. The orc priest misses you.
You barely miss the orc priest.
The orc priest is severely wounded.
The orc hits you with a dagger. The orc priest barely misses you.
You barely miss the orc priest.
The orc priest is severely wounded.
The orc barely misses you.
The orc priest hits you with a hand axe.
The orc misses you.
You closely miss the orc priest.
The orc priest is severely wounded.
The orc priest mumbles some strange prayers to Beogh against you.
Pain shoots through your body!
You die...

. #. $# . ##. ... .. ..
#.# .. .. #.##.##...# #.
#.##.##...#### . #.
#.##.##.>.....
....##o####.##.##...#...
#.....o@....##..........
#.####[####.##.##...###.
...####.##.#........
###.........##)......
######.....)))..#..
#....<........
#####.##......
#....###.# ####.# #..


You could see an orc priest and an orc.

Vanquished Creatures
  An orc priest (D:3)
  Natasha (D:2)
  3 adders
  An ooze (D:1)
  3 worms (D:2)
  A dart slug (D:1)
  A giant gecko (D:3)
  9 orcs (D:3)
  A ball python (D:1)
  5 bats
  4 giant cockroaches
  8 goblins
  3 hobgoblins
  A quokka (D:2)
  4 giant newts (D:3)
  3 kobolds (D:2)
  8 rats
57 creatures vanquished.

Notes
Turn   | Place    | Note
--------------------------------------------------------------
     0 | D:1      | sudo the High Elf Gladiator began the quest for the Orb.
     0 | D:1      | Reached XP level 1. HP: 14/14 MP: 2/2
   346 | D:1      | Reached skill level 4 in Long Blades
   604 | D:1      | Reached XP level 2. HP: 19/19 MP: 3/3
  1032 | D:2      | Reached XP level 3. HP: 23/24 MP: 4/4
  1092 | D:2      | Noticed Natasha
  1097 | D:2      | Killed Natasha
  1097 | D:2      | Reached skill level 5 in Long Blades
  1603 | D:2      | Reached XP level 4. HP: 30/30 MP: 5/5
  2322 | D:3      | Reached XP level 5. HP: 31/35 MP: 6/6
  2511 | D:3      | Killed from afar by an orc priest

Skill      XL: |  1  2  3  4 |
---------------+-------------+-----
Long Blades    | 4 5 |  5.7
Dodging        | 4 |  4.6
Fighting       | |  2.4
Throwing       | |  2.0
Armour         | |  0.6

Action                   |  1- 3 |  4- 6 || total
-------------------------+-------+-------++-------
Melee: Long sword        |    80 |   117 ||   197
  Use: Potion            |       |     2 ||     2
 Stab: Sleeping          |     4 |       ||     4
  Eat: Chunk             |     1 |     4 ||     5
Armor: Leather armour    |    12 |     3 ||    15
       Skin              |       |    84 ||    84
       Ring mail         |       |    29 ||    29
Dodge: Dodged            |    51 |    80 ||   131
